Map: [ESL] Royal Blood

Players

Jieshi - Winner!

  • Race: Protoss Protoss
  • Spawn Location: 1:00

MeomaikA

  • Race: Zerg Zerg
  • Spawn Location: 7:00

Event: ESL SC2 Masters 2023 Summer (Regionals)

VOD

Have the link to the VOD?

Description

Time

  • Played on: May 13, 2023, 6:57 a.m.
  • Length: 12:37
Show
View Real Time Build Order
Export as new Build Order

Jieshi Protoss - Winner!

Build Orders: 1 Gate Expand 

Get SALT Encoding   

  12  0:00  Probe  
  13  0:12  Probe  
  14  0:18  Pylon  
  14  0:25  Probe (Chrono Boost)  
  15  0:37  Probe (Chrono Boost)  
  15  0:39  Gateway  
  16  0:45  Probe (Chrono Boost)  
  17  0:50  Assimilator  
  17  0:51  Probe  
  18  1:03  Probe  
  19  1:15  Probe  
  19  1:16  Pylon  
  20  1:28  Nexus  
  20  1:36  Cybernetics Core  
  20  1:39  Probe  
  21  1:47  Pylon  
  23  2:05  Probe  
  23  2:08  Gateway  
  22  2:09  Adept (Chrono Boost)  
  22  2:10  Warp Gate (Chrono Boost)  
  24  2:17  Probe, Shield Battery  
  25  2:29  Probe  
  26  2:32  Stalker  
  28  2:40  Probe  
  28  2:41  Probe  
  30  2:52  Probe  
  30  2:55  Adept  
  32  3:01  Probe  
  32  3:02  Adept  
  32  3:04  Probe, Pylon  
  36  3:07  Gateway  
  36  3:13  Probe  
  36  3:16  Probe  
  38  3:20  Assimilator  
  38  3:25  Probe  
  39  3:28  Probe  
  39  3:32  Robotics Facility  
  40  3:37  Probe  
  40  3:40  Probe  
  42  3:45  Adept  
  42  3:46  Adept  
  46  3:49  Probe  
  46  3:53  Probe  
  48  3:56  Nexus  
  48  4:01  Pylon  
  48  4:02  Probe  
  49  4:05  Probe  
  50  4:10  Sentry  
  50  4:12  Assimilator  
  46  4:27  Immortal (Chrono Boost)  
  46  4:29  Shield Battery  
  46  4:30  Probe  
  46  4:31  Probe  
  50  4:32  Shield Battery  
  50  4:34  Sentry  
  52  4:39  Adept  
  52  4:43  Adept  
  52  4:44  Pylon  
  54  4:52  Pylon  
  54  4:55  Immortal  
  54  4:56  Probe  
  54  4:57  Probe  
  56  5:01  Adept  
  62  5:09  Probe (Chrono Boost), Shield Battery  
  62  5:11  Probe (Chrono Boost)  
  62  5:13  Pylon  
  65  5:19  Probe (Chrono Boost)  
  65  5:21  Forge  
  67  5:22  Probe (Chrono Boost)  
  67  5:25  Probe (Chrono Boost)  
  67  5:27  Probe (Chrono Boost)  
  68  5:29  Sentry  
  68  5:34  Assimilator  
  65  5:35  Adept  
  65  5:36  Adept  
  65  5:38  Probe  
  65  5:41  Shield Battery  
  67  5:43  Shield Battery  
  67  5:44  Probe x2  
  67  5:47  Pylon  
  69  5:50  Probe  
  69  5:52  Protoss Ground Weapons Level 1 (Chrono Boost)  
  69  5:56  Robotics Bay  
  70  5:59  Probe x2  
  70  6:02  Probe  
  73  6:05  Gateway  
  73  6:09  Twilight Council  
  73  6:11  Photon Cannon  
  73  6:13  Observer (Chrono Boost)  
  73  6:14  Probe  
  75  6:19  Photon Cannon  
  75  6:20  Probe x2  
  75  6:24  Pylon  
  77  6:26  Probe  
  77  6:27  Sentry  
  80  6:38  Probe  
  80  6:39  Colossus (Chrono Boost)  
  73  6:42  Probe  
  73  6:46  Probe  
  81  6:47  Pylon  
  81  6:51  Gateway  
  81  6:53  Gateway  
  81  6:56  Stalker  
  81  6:57  Stalker x2  
  81  6:59  Gateway  
  87  7:01  Gateway  
  87  7:04  Extended Thermal Lance (Chrono Boost)  
  87  7:07  Gateway  
  87  7:08  Photon Cannon  
  87  7:09  Probe  
  87  7:10  Probe  
  89  7:18  Assimilator  
  89  7:20  Blink (Chrono Boost)  
  89  7:21  Probe, Assimilator  
  90  7:28  Probe x2  
  92  7:33  Probe  
  93  7:39  Colossus (Chrono Boost)  
  93  7:40  Pylon  
  93  7:43  Probe  
  101  7:44  Probe  
  101  7:45  Probe  
  102  7:52  Shield Battery  
  102  7:56  Observer  
  102  7:57  Probe x2  
  104  7:59  Pylon  
  104  8:01  Stalker  
  106  8:06  Pylon  
  106  8:08  Nexus  
  106  8:09  Probe, Protoss Ground Weapons Level 2 (Chrono Boost)  
  106  8:12  Pylon  
  107  8:20  Pylon  
  107  8:21  Probe  
  107  8:23  Stalker x2  
  107  8:24  Stalker x3  
  107  8:26  Colossus (Chrono Boost)  
  118  8:33  Photon Cannon  
  124  8:43  Stalker x3  
  124  8:44  Observer  
  129  9:01  Observer  
  129  9:02  Templar Archives  
  129  9:04  Nexus  
  129  9:05  Pylon  
  129  9:06  Stalker  
  131  9:11  Disruptor (Chrono Boost), Photon Cannon, Shield Battery  
  131  9:13  Pylon  
  134  9:18  Zealot x3  
  140  9:26  Stalker x2  
  144  9:31  Stalker  
  144  9:32  Zealot x2  
  146  9:42  Stalker x3  
  146  9:43  Disruptor  
  153  9:47  Probe x3  
  156  9:52  Photon Cannon  
  156  9:54  Shield Battery  
  156  9:56  Pylon  
  156  10:00  Gateway  
  156  10:01  Charge  
  156  10:05  Gateway  
  156  10:13  Probe  
  156  10:14  Probe x2  
  159  10:15  Photon Cannon  
  159  10:17  Shield Battery  
  159  10:24  High Templar x4  
  159  10:25  High Templar  
  159  10:26  High Templar  
  171  10:31  Pylon  
  171  10:32  Assimilator  
  171  10:34  Assimilator  
  171  10:35  Pylon  
  171  10:36  Pylon, Archon x2  
  171  10:38  Archon  
  171  10:43  Warp Prism (Chrono Boost)  
  171  10:48  Pylon  
  173  10:54  Pylon  
  173  10:56  Photon Cannon  
  173  10:58  High Templar  
  173  10:59  High Templar  
  177  11:05  Archon  
  177  11:06  Zealot x2  
  177  11:10  Stalker  
  177  11:11  Zealot x3  
  167  11:21  High Templar  
  167  11:22  High Templar  
  167  11:24  Gateway  
  171  11:26  Gateway, Archon  
  171  11:31  Disruptor (Chrono Boost), Photon Cannon  
  171  11:32  Shield Battery  
  171  11:36  High Templar x2, Zealot x2  
  171  11:37  Zealot x4  
  190  11:40  Archon  
  190  11:48  Pylon  
  190  11:54  Observer  
  190  11:55  High Templar  
  190  11:56  High Templar  
  190  11:57  Zealot x3  
  190  12:00  Nexus, Archon  
  200  12:01  Pylon  
  188  12:26  Stalker  
  188  12:28  Zealot  
  188  12:29  Zealot x2  
  181  12:33  Zealot  
  181  12:34  Zealot  
Show
View Real Time Build Order
Export as new Build Order

MeomaikA Zerg 

Build Orders: Pool First 

Get SALT Encoding   

  12  0:00  Drone  
  13  0:12  Overlord  
  13  0:16  Drone  
  14  0:30  Drone x2  
  14  0:34  Drone  
  17  0:43  Spawning Pool  
  17  0:47  Drone  
  17  1:03  Drone  
  18  1:05  Extractor  
  18  1:06  Drone  
  18  1:25  Hatchery  
  18  1:30  Zergling x4  
  19  1:33  Queen  
  19  1:38  Drone  
  22  1:49  Overlord  
  22  2:04  Metabolic Boost  
  22  2:07  Drone  
  23  2:08  Queen  
  23  2:11  Drone  
  26  2:21  Drone  
  27  2:32  Drone  
  28  2:37  Drone  
  28  2:41  Hatchery  
  28  2:44  Drone  
  28  2:47  Drone  
  28  2:50  Drone  
  31  2:57  Overlord  
  31  3:01  Drone x2  
  33  3:10  Spore Crawler  
  32  3:12  Spore Crawler  
  32  3:13  Drone  
  32  3:17  Drone  
  33  3:25  Drone x3  
  36  3:29  Overlord  
  36  3:37  Drone x3  
  39  3:43  Overlord  
  39  3:44  Drone  
  39  3:45  Zergling x2  
  39  3:48  Zergling x2  
  42  3:49  Zergling x2  
  43  3:57  Zergling x4  
  43  3:59  Baneling Nest  
  43  4:03  Zergling x4  
  43  4:04  Zergling x4  
  43  4:07  Zergling x2  
  48  4:15  Zergling x2  
  48  4:16  Zergling x2  
  46  4:20  Zergling x2  
  46  4:21  Drone  
  45  4:25  Drone x3  
  45  4:27  Drone  
  45  4:28  Drone  
  48  4:32  Drone  
  48  4:34  Drone x2  
  51  4:38  Drone x2  
  51  4:45  Lair  
  51  4:54  Drone x2, Overlord  
  51  4:55  Drone  
  51  4:56  Drone  
  52  5:02  Zergling x8  
  52  5:04  Zergling x2  
  52  5:05  Zergling x2  
  58  5:08  Baneling x3  
  58  5:09  Baneling x2  
  58  5:10  Baneling  
  58  5:15  Roach Warren  
  58  5:17  Extractor, Drone  
  58  5:18  Drone  
  58  5:24  Overlord  
  58  5:25  Overlord  
  54  5:37  Zergling x4  
  54  5:38  Zergling x4  
  54  5:44  Drone x4  
  54  5:45  Drone x4  
  54  5:46  Queen  
  54  5:48  Overlord  
  64  5:57  Extractor  
  64  5:59  Drone x3  
  64  6:02  Evolution Chamber  
  64  6:03  Drone x4  
  69  6:10  Roach  
  75  6:11  Roach x2  
  75  6:12  Zergling x2  
  75  6:14  Zergling x2  
  75  6:15  Roach x2  
  75  6:17  Baneling x2  
  75  6:18  Baneling x2  
  81  6:22  Glial Reconstitution  
  81  6:23  Roach  
  81  6:24  Roach  
  85  6:25  Zergling x2  
  85  6:30  Roach x2  
  85  6:31  Roach  
  92  6:35  Zergling x4  
  92  6:36  Zergling x2  
  92  6:45  Drone x2  
  92  6:46  Zerg Melee Weapons Level 1  
  94  6:47  Zergling x2  
  94  6:51  Baneling x3  
  95  6:54  Roach, Hatchery  
  95  6:55  Roach  
  95  6:59  Overlord x2  
  97  7:04  Zergling x4  
  97  7:06  Zergling x2  
  96  7:13  Evolution Chamber  
  96  7:14  Overlord  
  96  7:15  Overlord  
  95  7:19  Roach x3  
  95  7:20  Roach  
  95  7:21  Zergling x2  
  104  7:24  Queen  
  104  7:25  Zergling x2  
  104  7:27  Roach  
  109  7:31  Roach  
  109  7:36  Roach  
  113  7:39  Drone x2  
  113  7:41  Roach  
  113  7:42  Roach  
  113  7:43  Roach  
  121  7:48  Zerg Missile Weapons Level 1  
  121  7:49  Centrifugal Hooks, Zergling x6  
  121  7:50  Zergling x6  
  127  7:52  Zergling x2  
  127  7:53  Roach  
  130  8:04  Overlord x2  
  130  8:06  Hatchery  
  130  8:10  Overlord, Drone  
  130  8:11  Drone x4  
  134  8:14  Roach, Overseer  
  134  8:16  Overlord  
  134  8:18  Overlord  
  136  8:24  Zergling x10  
  136  8:26  Zergling x2  
  142  8:28  Zergling x4  
  142  8:30  Zergling x2  
  145  8:36  Roach  
  145  8:37  Overlord  
  145  8:38  Roach  
  149  8:42  Roach x2  
  149  8:43  Roach x3  
  149  8:45  Roach  
  149  8:46  Roach, Zergling x2  
  160  8:48  Zergling x2  
  160  8:49  Zergling x2  
  160  8:52  Zergling x6  
  165  8:57  Ravager x3  
  165  8:58  Zergling x4  
  165  9:01  Zergling x4  
  172  9:06  Roach x2  
  176  9:11  Overlord  
  176  9:17  Baneling  
  176  9:18  Baneling x4  
  176  9:19  Zergling x2  
  176  9:20  Zergling x2  
  176  9:24  Zergling x6  
  181  9:25  Overlord, Zergling x2  
  181  9:33  Roach x4  
  181  9:35  Zergling x2  
  181  9:36  Zergling x8  
  181  9:38  Roach x2  
  189  9:40  Zergling x2  
  189  9:41  Zergling x2  
  189  9:42  Roach x2  
  189  9:43  Zergling x4  
  189  9:44  Zergling x2  
  181  9:45  Zergling x2  
  181  9:46  Zergling x4  
  181  9:48  Zergling x6  
  181  9:50  Drone x2  
  188  9:53  Zergling x2  
  188  9:55  Zergling x2  
  188  9:57  Zergling x2  
  191  10:01  Zergling x10  
  191  10:02  Zerg Melee Weapons Level 2  
  191  10:03  Zergling x4  
  191  10:04  Overlord  
  197  10:19  Overlord  
  196  10:23  Zergling x2  
  196  10:24  Overlord, Zergling x4  
  198  10:44  Extractor  
  197  10:55  Hatchery  
  193  11:06  Zergling x2  
  193  11:09  Roach x16  
  193  11:11  Roach  
  199  11:14  Roach  
  199  11:17  Zergling x8  
  199  11:18  Zergling x12  
  199  11:19  Roach  
  199  11:20  Roach  
  199  11:24  Zergling x4  
  199  11:25  Overlord, Zergling x4  
  199  11:46  Baneling x13  
  197  12:07  Zergling x28  
  194  12:12  Zergling x16  
Tags
 
Add a new tag
Caveats
  • Supply blocks, unpowered buildings, or Contaminate may cause inaccurate times.
  • Supply counts are checked every 10 seconds.